 Dungeon Crawl Stone Soup version 0.21-a0-1-gaf3b9a5 (webtiles) character file.

19 straycat the Charmwright (level 2, 0/22 HPs)
             Began as a Vampire Skald on May 20, 2017.
             Succumbed to an adder's poison
             ... on level 2 of the Dungeon.
             The game lasted 00:04:46 (416 turns).

straycat the Charmwright (Vampire Skald)             Turns: 416, Time: 00:04:47

Health: 0/22       AC:  3    Str: 10    XL:     2   Next: 55%
Magic:  3/5        EV: 12    Int: 15    God:
Gold:   23         SH:  0    Dex: 13    Spells: 4/5 levels left

rFire    . . .     SeeInvis +     - Unarmed
rCold    . . .     Gourm    .   (no shield)
rNeg     + . .     Faith    .   a - +0 leather armour
rPois    .         Spirit   .   n - +0 hat
rElec    .         Reflect  .   (no cloak)
rCorr    .         Harm     .   (no gloves)
MR       .....                  (no boots)
Stlth    +.........             (no amulet)
Regen    0.1/turn               (no ring)
MPRegen  0.1/turn               (no ring)

@: lethally poisoned (0 -> -4), very slightly contaminated, invisible
A: fangs 3, see invisible, unbreathing
a: no special abilities


You were on level 2 of the Dungeon.
You were not thirsty.

You visited 1 branch of the dungeon, and saw 2 of its levels.

You collected 23 gold pieces.

Inventory:

Hand Weapons
 h - a +0 hand axe
 l - a +0 dagger
 r - a +0 spear
Missiles
 e - 19 stones
 g - 6 tomahawks (quivered)
 i - 17 arrows
Armour
 a - a +0 leather armour (worn)
 m - a +0 ring mail
 n - a +0 hat (worn)
Scrolls
 j - 2 scrolls of remove curse
Potions
 c - 8 potions of blood
 d - 2 potions of lignification {unknown}
Books
 b - a book of Battle

   Spells                             Type                      Level
   a - Infusion                       Charms                       1
   b - Shroud of Golubria             Charms/Translocation         2
   c - Song of Slaying                Charms                       2
   d - Spectral Weapon                Hexes/Charms                 3
   e - Regeneration                   Charms/Necromancy            3
Comestibles
 f - 2 royal jellies
 o - 2 meat rations


   Skills:
 * Level 2.2 Fighting
 + Level 0.7 Armour
 * Level 2.4 Dodging
 * Level 2.7 Unarmed Combat
 + Level 2.1 Spellcasting
 + Level 3.2 Charms


You had 4 spell levels left.
You knew the following spells:

 Your Spells              Type           Power        Failure   Level  Hunger
a - Infusion              Chrm           ##..         8%          1    #......


Dungeon Overview and Level Annotations

Branches:
Dungeon (2/15)

Altars:


Innate Abilities, Weirdness & Mutations

You have razor-sharp teeth.
You have supernaturally acute eyesight. (SInv)
You can survive without breathing.


Message History

You don't know that spell.
Forget which spell ([?*] list [ESC] exit)?
You don't know that spell.
Forget which spell ([?*] list [ESC] exit)?
Okay, then.
* * * LOW HITPOINT WARNING * * *
You feel sick.
As you read the scroll labeled TUCVER OPITE, it crumbles to dust.
Your hands glow faint leaf green for a moment.
It was a scroll of random uselessness.
The hobgoblin hits you but does no damage.
The adder hisses angrily.
As you read the scroll of random uselessness, it crumbles to dust.
You hear whispers in an ancient language.
The adder closely misses you.
* * * LOW HITPOINT WARNING * * *
You feel sick. The hobgoblin closely misses you. The adder closely misses you.
You climb downwards.
There is a stone staircase leading up here.
You die...

# ######..# ....#..#
#...#..#
#...#..##+###
#..Sg..##....
#@#.....##########
#.......#........#
#...w....†)......#
#...........########
############....
...# ..... .#.#.#
?..# #


You could see an adder, a dart slug and a hobgoblin.

Vanquished Creatures
  2 leopard geckos (D:1)
  3 bats (D:1)
  2 giant cockroaches
  3 goblins (D:1)
  A hobgoblin (D:2)
  A kobold (D:1)
  2 rats (D:1)
14 creatures vanquished.

Notes
Turn   | Place    | Note
-------+----------+-------------------------------------------
     0 | D:1      | straycat the Vampire Skald began the quest for the Orb.
     0 | D:1      | Reached XP level 1. HP: 16/16 MP: 3/3
   288 | D:1      | Reached XP level 2. HP: 22/22 MP: 5/5
   390 | D:1      | You fall through a shaft!
   414 | D:1      | HP: 1/22 [poisoned by an adder]
   416 | D:2      | Succumbed to an adder's poison

Vault maps used:
D:1:      kennysheep_arrival_seaside, minmay_split_cup_small
D:2:      eat_drink_and_be_merry_uskayaw

Skill      XL: |  1  2 |
---------------+-------+-----
Fighting       | 2 |  2.2
Armour         | |  0.7
Dodging        | |  2.4
Unarmed Combat | |  2.7
Spellcasting   | |  2.1
Charms         | |  3.2

Action                   || total
-------------------------++-------
Melee: Unarmed           ||    46
       Bite              ||     3
 Cast: Infusion          ||     4
  Use: Scroll            ||     4
       Potion            ||     1
Armor: Leather armour    ||    16
Dodge: Dodged            ||    52
